 Dungeon Crawl Stone Soup version 0.28-a0-479-g5baa6b73be (webtiles) character file.

Game seed: 9395111508630475429

240 Conn the Firebug (level 6, -1/37 HPs)
             Began as an Octopode Fire Elementalist on Sept 19, 2021.
             Killed from afar by an orc wizard (8 damage)
             ... with a magic dart
             ... on level 4 of the Dungeon.
             The game lasted 00:07:09 (2747 turns).

Conn the Firebug (Octopode Fire Elementalist)       Turns: 2747, Time: 00:07:12

Health: -1/37      AC:  1    Str:  7    XL:     6   Next: 8%
Magic:  9/11       EV: 13    Int: 20    God:
Gold:   141        SH:  0    Dex: 12    Spells: 5/12 levels left

rFire   + . .      SeeInvis .   b - staff of fire
rCold   + . .      Faith    .   (no shield)
rNeg    . . .      Spirit   .   (helmet restricted)
rPois   .          Reflect  .   o - amulet of regeneration
rElec   .          Harm     .   c - ring of protection from cold
rCorr   .          Rampage  .   (no ring)
Will    .....                   (no ring)
Stlth   ++........              (no ring)
HPRegen 1.12/turn               (no ring)
MPRegen 0.12/turn               (no ring)
                                (no ring)
                                (no ring)

@: confused, flying
A: almost no armour, amphibious, 8 rings, camouflage 1, gelatinous body 1,
(nimble swimmer 1), tentacles
a: no special abilities


You were on level 4 of the Dungeon.
You visited 1 branch of the dungeon, and saw 5 of its levels.

You collected 141 gold pieces.

Inventory:

Hand Weapons
 a - a +1 dagger of venom
 d - a +0 dagger
 g - a +2 spear of venom
Magical Staves
 b - a staff of fire (weapon)
Jewellery
 c - a ring of protection from cold (left tentacle)
 f - a ring of resist corrosion
 m - an amulet of magic regeneration
 o - an amulet of regeneration (around mantle)
Scrolls
 e - a scroll of fog
 i - a scroll of vulnerability {unknown}
 j - a scroll of blinking {unknown}
 k - a scroll of identify
 p - a scroll of teleportation {unknown}
Potions
 l - a potion of attraction
 n - a potion of flight
 q - a potion of brilliance


   Skills:
 + Level 0.6 Fighting
 + Level 0.2 Staves
 + Level 2.1 Dodging
 + Level 3.6 Stealth
 + Level 3.7 Spellcasting
 + Level 2.8 Conjurations
 + Level 4.1 Fire Magic


You had 5 spell levels left.
You knew the following spells:

 Your Spells              Type           Power      Damage    Failure   Level
a - Foxfire               Conj/Fire      100%       2x1d9     3%          1
b - Conjure Flame         Conj/Fire      26%        6-21      10%         3
c - Inner Flame           Hex/Fire       18%        N/A       17%         3

Your spell library contained the following spells:

 Spells                   Type           Power      Damage    Failure   Level
 Scorch                   Fire           60%        2d8       3%          2
 Animate Skeleton         Necr           6%         N/A       13%         1
 Apportation              Tloc           6%         N/A       13%         1
 Summon Small Mammal      Summ           12%        N/A       13%         1
 Flame Wave               Conj/Fire      26%        3d6       30%         4
 Spellforged Servitor     Conj/Summ      4%         N/A       100%        7
 Dragon's Call            Summ           1%         N/A       100%        9


Dungeon Overview and Level Annotations

Branches:
Dungeon (5/15)             Temple (0/1) D:4

Altars:


Innate Abilities, Weirdness & Mutations

You cannot wear most types of armour.
You are amphibious.
You can wear up to eight rings at the same time.
Your skin changes colour to match your surroundings (Stealth+).
Your rubbery body absorbs attacks. (AC +1, EV +1)
((You are camouflaged near water. (Stealth+)))
You have tentacles for arms and can constrict up to eight enemies at once.


Message History

Unknown command.
Unknown command.
You closely miss the orc wizard. Your squeeze misses the orc wizard.
The orc wizard is almost dead.
The orc wizard casts a spell at you.
You are more confused.
The orc wizard gestures at you while chanting.
The puff of flame misses you.
Your magical contamination has completely faded away.
The orc wizard mumbles some strange words.
The orc wizard flickers and vanishes!
Deactivating autopickup; reactivate with Ctrl-A.
Okay, then.
You're too confused to move!
Something hits you.
* * * LOW HITPOINT WARNING * * *
The orc priest calls upon Beogh to heal the orc wizard.
The orc wizard is healed somewhat.
The orc wizard hits you with a +1 dagger of speed.
* * * LOW HITPOINT WARNING * * *
Unknown command.
You hear some strange, mumbled words.
A puff of flame appears from out of thin air!
The puff of flame misses you.
Unknown command.
Something hits you.
* * * LOW HITPOINT WARNING * * *
The orc priest closely misses you. The orc wizard barely misses you.
Unknown command.
You feel less confused.
The orc wizard shouts!
You hear a shout!
The orc wizard gestures at you while chanting.
You are confused.
Unknown command.
You're too confused to move!
Something completely misses you. The orc priest misses you.
The orc wizard hits you with a +1 dagger of speed.
* * * LOW HITPOINT WARNING * * *
The orc wizard points at you and mumbles some strange words.
The magic dart hits you!
You die...

##....###.>....#.##
..o.............#.#
.........#......#.#
#.................#
#.......#........##
.......##........#
#.......#...####§##
.##........#§§§§§##
#....@o...§§§#..#
..##(<#o{)..§§###o#
#.....[......#...#..oo.#
..#..............#.⌠.⌠.#
#.(#.......#...+..>..+
............##..#.⌠.⌠.#
..##)#.......#####.....#
. #.#.......# ###+###
..........#


You could see an orc priest and 2 orc wizards.

Vanquished Creatures
  An ogre (D:5)
  A hound (D:4)
  An iguana (D:4)
  An orc wizard (D:4)
  An adder (D:4)
  A dart slug (D:1)
  2 worms (D:2)
  7 orcs
  3 bats (D:1)
  3 endoplasms
  A giant cockroach (D:1)
  5 goblins
  5 hobgoblins (D:2)
  3 quokkas
  12 ball pythons
  3 frilled lizards (D:1)
  6 kobolds
  4 rats
  A spectral hobgoblin (D:1)
61 creatures vanquished.

Vanquished Creatures (others)
  158 foxfires
  A plant (D:1)
159 creatures vanquished.

Grand Total: 220 creatures vanquished

Notes
Turn   | Place    | Note
-------+----------+-------------------------------------------
     0 | D:1      | Conn the Octopode Fire Elementalist began the quest for the
                  | Orb.
     0 | D:1      | Reached XP level 1. HP: 11/11 MP: 3/3
   187 | D:1      | Reached XP level 2. HP: 17/17 MP: 1/5
   313 | D:1      | Found a faded altar of an unknown god.
   673 | D:1      | Reached XP level 3. HP: 21/21 MP: 0/6
   890 | D:1      | Learned a level 3 spell: Conjure Flame
  2243 | D:3      | Got the Reference Book on Companions
  2251 | D:3      | Learned a level 3 spell: Inner Flame
  2362 | D:4      | Reached XP level 4. HP: 27/27 MP: 4/8
  2384 | D:5      | Entered Level 5 of the Dungeon
  2450 | D:5      | Noticed an ogre
  2453 | D:5      | Killed an ogre
  2454 | D:5      | Reached skill level 4 in Fire Magic
  2454 | D:5      | Reached XP level 5. HP: 32/32 MP: 4/9
  2457 | D:5      | Noticed a sky beast
  2561 | D:4      | Reached XP level 6. HP: 37/37 MP: 0/11
  2721 | D:4      | Found a staircase to the Ecumenical Temple.
  2747 | D:4      | Killed from afar by an orc wizard

Illustrated notes

Levels and vault maps discovered:
D:1:      lemuel_arrival_room, layout_basic,
          dreamdust_ecumenical_altar_drowned_temple, minmay_shallow_snake_nest
D:2:      layout_loops_corners, minmay_tetromino_o2
D:3:      layout_basic, overflow_temple_1_default
D:4:      layout_rooms, minmay_temple_entry_hall
D:5:      layout_cave_pools, tso_altar, minmay_hedge_maze,
          hangedman_decor_slide_cut, minmay_fire_ice_demons

Skill      XL: |  1  2  3  4 |
---------------+-------------+-----
Stealth        | 3 |  3.6
Spellcasting   | 3 |  3.7
Conjurations   | 2 |  2.8
Fire Magic     | 4 |  4.1
Fighting       | |  0.6
Staves         | |  0.2
Dodging        | |  2.1

Action                   |  1- 3 |  4- 6 || total
-------------------------+-------+-------++-------
Melee: Dagger            |    19 |       ||    19
       Constrict         |     6 |     2 ||     8
       Staff             |     6 |     7 ||    13
       Tentacles         |     1 |     2 ||     3
 Cast: Foxfire           |    65 |    23 ||    88
       Inner Flame       |       |     1 ||     1
  Use: Scroll            |       |     5 ||     5
       Potion            |       |     2 ||     2
 Stab: Sleeping          |     2 |       ||     2
Armor: Skin              |     7 |       ||     7
Dodge: Dodged            |    34 |    12 ||    46

Table legend: (Time is in decaauts)
 A = Elapsed time spent in this place.
 B = Non-inter-level travel time spent in this place.
 C = Inter-level travel time spent in this place.
 D = Time resting spent in this place.
 E = Time spent auto-exploring this place.
 F = Levels seen in this place.
 G = Mean time per level.
                   A        B        C        D        E       F      G
               +--------+--------+--------+--------+--------+-----+--------+
         Total |   2747 |   2706 |     41 |    257 |   1821 |   5 |  549.4 |
       Dungeon |   2747 |   2706 |     41 |    257 |   1821 |   5 |  549.4 |
               +--------+--------+--------+--------+--------+-----+--------+

Top non-repeatable levels by time:
     D:2: 1231 daAuts
     D:1: 908 daAuts
     D:4: 313 daAuts
     D:3: 216 daAuts
     D:5: 76 daAuts
